 Dungeon Crawl Stone Soup version 0.30-a0-728-gc68057be0a (webtiles) character file.

Game seed: 10810577454871452413

1029 browni3141 the Digger (level 8, -3/60 HPs)
             Began as a Human Earth Elementalist on Jan 30, 2023.
             Slain by Blork the orc
             ... wielding a +4 flail of protection
              (5 damage)
             ... on level 4 of the Dungeon.
             The game lasted 00:12:58 (5437 turns).

browni3141 the Digger (Human Earth Elementalist)    Turns: 5437, Time: 00:12:59

Health: -3/60      AC:  4    Str: 12    XL:     8   Next: 47%
Magic:  18/20      EV: 13    Int: 15    God:
Gold:   329        SH:  9    Dex: 17    Spells: 5/11 levels left

rFire   . . .      SeeInvis .    t - +0 whip (venom)
rCold   . . .      Faith    .    I - +0 buckler
rNeg    . . .      Spirit   .    a - +0 robe
rPois   +          Reflect  +    (no helmet)
rElec   .          Harm     .    l - +0 cloak
rCorr   .          Rampage  .    (no gloves)
Will    .....                    H - +0 pair of boots
Stlth   +++                      h - amulet of reflection
HPRegen 0.30/turn                k - ring of magical power
MPRegen 0.17/turn                (no ring)

@: unable to drink
A: agile 1, poison resistance, strong 1, subdued magic 1, inability to drink
after injury 1
a: no special abilities


You were on level 4 of the Dungeon.
You visited 1 branch of the dungeon, and saw 5 of its levels.
You also visited: Ossuary.

You collected 329 gold pieces.

Inventory:

Hand Weapons
 j - a +0 short sword
 t - a +0 whip of venom (weapon)
Missiles
 m - 11 poisoned darts
Armour
 a - a +0 robe (worn)
 l - a +0 cloak (worn)
 G - a +0 helmet
 H - a +0 pair of boots (worn)
 I - a +0 buckler (worn)
Jewellery
 h - an amulet of reflection (around neck)
 k - a ring of magical power (left hand)
Wands
 C - a wand of digging (4)
Scrolls
 i - a scroll of fog
 n - a scroll of torment
 p - a scroll of poison
 v - a scroll of enchant armour {unknown}
 w - a scroll of enchant weapon {unknown}
 y - 3 scrolls of teleportation {unknown}
 z - 2 scrolls of immolation {unknown}
 B - a scroll of magic mapping {unknown}
 D - a scroll of vulnerability {unknown}
 E - a scroll of amnesia {unknown}
 J - a scroll of silence {unknown}
Potions
 b - 4 potions of magic
 f - a potion of might {unknown}
 g - a potion of resistance {unknown}
 o - a potion of berserk rage {unknown}
 q - 2 potions of haste {unknown}
 r - a potion of lignification {unknown}
 s - a potion of attraction {unknown}
 u - a potion of cancellation {unknown}
 x - a potion of flight {unknown}
 A - a potion of invisibility {unknown}
 F - 2 potions of degeneration {unknown}


   Skills:
 * Level 3.8 Fighting
 - Level 3.0 Maces & Flails
 * Level 3.9 Dodging
 * Level 4.1 Stealth
 - Level 2.0 Spellcasting
 - Level 3.0 Conjurations
 - Level 3.0 Transmutations
 - Level 5.0 Earth Magic


You had 5 spell levels left.
You knew the following spells:

 Your Spells              Type           Power      Damage    Failure   Level
a - Sandblast             Erth           24%        2d8       2%          1
b - Passwall              Tmut/Erth      8%         N/A       7%          2
c - Stone Arrow           Conj/Erth      20%        3d8       14%         3

Your spell library contained the following spells:

 Spells                   Type           Power      Damage    Failure   Level
 Apportation              Tloc           2%         N/A       26%         1
 Summon Small Mammal      Summ           4%         N/A       26%         1
 Ensorcelled Hibernation  Hex/Ice        2%         N/A       36%         2
 Dazzling Flash           Conj/Hex       8%         N/A       38%         3
 Spider Form              Tmut/Pois      4%         N/A       38%         3
 Petrify                  Tmut/Erth      10%        N/A       45%         4
 Mephitic Cloud           Conj/Pois/Air  3%         N/A       47%         3
 Call Canine Familiar     Summ           1%         N/A       61%         3
 Confusing Touch          Hex            1%         N/A       61%         3
 Summon Guardian Golem    Hex/Summ       1%         N/A       61%         3
 Anguish                  Hex/Necr       0%         N/A       95%         4
 Alistair's Intoxication  Tmut/Pois      2%         N/A       99%         5


Dungeon Overview and Level Annotations

Branches:
Dungeon (5/15)            Ossuary (visited)
 Temple: D:4-7

Altars:
Fedhas
Hepliaklqana
Qazlal

Annotations:
D:2 Sigmund
D:4 Blork the orc


Innate Abilities, Weirdness & Mutations

You are agile. (Dex +4, Str/Int -1)
Your system is resistant to poisons. (rPois)
Your muscles are strong. (Str +4, Int/Dex -1)
Your spells are a little easier to cast, but a little less powerful.
You occasionally lose the ability to drink potions when taking damage.


Message History

Aim: Blork the orc, wielding a +4 flail of protection and wearing a +0 robe (fast, 84% to hit)
Okay, then.
Unknown command.
Unknown command.
The blast of sand hits Blork the orc!
Blork the orc is moderately wounded.
You block Blork the orc's attack.
Blork the orc hits you with a +4 flail of protection!
Blork the orc barely misses you.
There is a stone staircase leading up here.
You block the adder's attack.
Blork the orc points at you and mumbles some strange words.
The puff of frost hits you! You block the adder's attack.
You climb upwards.
There is a stone staircase leading down here.
The adder attacks as you move away! The adder bites you.
Blork the orc hits you with a +4 flail of protection!
Blork the orc attacks as you move away! Blork the orc barely misses you.
The adder attacks as you move away! The adder bites you but does no damage.
Aiming: Sandblast (safe; 2% risk of failure)
Press: ? - help, Q - select action, (/) - cycle Shift-Dir - straight line, f - Blork the orc
Aim: Blork the orc, wielding a +4 flail of protection and wearing a +0 robe (moderately wounded, fast, 84% to hit)
The blast of sand hits Blork the orc but does no damage.
Blork the orc is moderately wounded.
Blork the orc hits you with a +4 flail of protection!
You feel threatened and lose the ability to drink potions!
You block Blork the orc's attack.
Blork the orc hits you with a +4 flail of protection.
* * * LOW HITPOINT WARNING * * *
Unknown command.
The air fills with toxic fumes!
As you read the scroll of poison, it crumbles to dust.
Blork the orc gestures at you while chanting.
The puff of flame hits you.
* * * LOW HITPOINT WARNING * * *
Blork the orc hits you with a +4 flail of protection!
* * * LOW HITPOINT WARNING * * *
Blork the orc attacks as you move away!
Blork the orc hits you with a +4 flail of protection.
You die...

........(...###..................
............###..§§§§§§§.........
..............#..§§§§§§§..#...##.
.....#....§......§§§§§§§..#...#..
.....###.........§§§§§§§.....###.
.................§§§§§......##...
..#............#.§S§.........##..
..#..##........##o#>.......#.....
..##.....#§§§§§§@§#........##....
.##......#§§§§§§§§§.......###...#
###...#...§§§§§§#§§§........#....
......#..###§§§§#§§§§.(..#.......
.........#.#§§§§.§§§§§...##...#..
.....#....§§§§§..§§§§§##.#....#..
.....#....§§§§§..§##§§#..........
................####........##.##
.................# #.......#####.


You could see Blork the orc (fast) and an adder.

Vanquished Creatures
  The ghost of testman the Fighter, a novice GnWn (D:4)
  A water moccasin (D:5)
  An ogre (D:5)
  3 centaur zombies (Ossuary)
  2 jellies
  Crazy Yiuf (D:2)
  2 ogre zombies (Ossuary)
  8 mummies
  3 gnolls (D:4)
  6 adders
  A white imp (D:4)
  5 adder zombies (Ossuary)
  3 worms
  An orc (D:4)
  5 ball pythons
  8 endoplasms
  A giant cockroach (D:3)
  2 goblins (D:2)
  3 hobgoblins
  2 jackals (D:2)
  5 quokkas
  6 bats
  A frilled lizard (D:1)
  A gnoll zombie (Ossuary)
  3 goblin zombies (Ossuary)
  3 hobgoblin zombies (Ossuary)
  5 kobolds
  6 kobold zombies (Ossuary)
  3 quokka zombies (Ossuary)
  4 rats
  4 rat zombies (Ossuary)
100 creatures vanquished.

Vanquished Creatures (others)
  2 fungi (D:2)
2 creatures vanquished.

Grand Total: 102 creatures vanquished

Notes
Turn   | Place    | Note
-------+----------+-------------------------------------------
     0 | D:1      | browni3141 the Human Earth Elementalist began the quest for
                  | the Orb.
     0 | D:1      | Reached XP level 1. HP: 13/13 MP: 3/3
   194 | D:1      | You fall into a shaft and drop 1 floor!
   231 | D:1      | Reached skill level 1 in Fighting
   443 | D:1      | Reached XP level 2. HP: 21/21 MP: 3/5
  1381 | D:2      | Found a runed translucent door.
  1382 | D:2      | Noticed Crazy Yiuf
  1438 | D:2      | Killed Crazy Yiuf
  1439 | D:2      | Reached XP level 3. HP: 11/27 MP: 0/6
  1439 | D:2      | Reached XP level 4. HP: 13/33 MP: 0/7
  1671 | D:2      | Noticed Sigmund
  2470 | D:3      | Found a hazy altar of Hepliaklqana.
  2521 | D:3      | Learned a level 2 spell: Passwall
  2525 | D:3      | Learned a level 3 spell: Stone Arrow
  2526 | D:3      | Reached skill level 4 in Earth Magic
  2564 | D:3      | Reached XP level 5. HP: 27/38 MP: 8/8
  2774 | D:3      | Found a stormy altar of Qazlal.
  3389 | D:4      | Found a transporter.
  3396 | D:4      | Noticed testman's ghost (novice GnWn)
  3430 | D:4      | Found a transporter.
  3466 | D:4      | Reached skill level 5 in Earth Magic
  3568 | D:4      | Reached skill level 1 in Maces & Flails
  3619 | D:4      | Got the Grimoire of the Apprentice
  3723 | D:4      | Found a sand-covered staircase.
  3730 | Ossuary  | Entered an ossuary
  3736 | Ossuary  | Reached XP level 6. HP: 44/44 MP: 9/9
  3924 | Ossuary  | Reached skill level 1 in Conjurations
  4126 | Ossuary  | Reached XP level 7. HP: 48/50 MP: 10/10
  4696 | D:4      | Found a blossoming altar of Fedhas.
  4927 | D:4      | Killed testman's ghost
  4928 | D:4      | Reached XP level 8. HP: 51/58 MP: 3/11
  5106 | D:5      | Entered Level 5 of the Dungeon
  5253 | D:5      | HP: 1/60 [ice beast (14)]
  5421 | D:5      | Gained mutation: Your spells are a little easier to cast,
                  | but a little less powerful. [potion of mutation]
  5421 | D:5      | Gained mutation: You have a pair of small horns on your
                  | head. [potion of mutation]
  5421 | D:5      | Gained mutation: You occasionally lose the ability to drink
                  | potions when taking damage. [potion of mutation]
  5421 | D:5      | Gained mutation: Your flesh is cold resistant. (rC+)
                  | [potion of mutation]
  5422 | D:5      | Lost mutation: Your flesh is cold resistant. (rC+) [potion
                  | of mutation]
  5422 | D:5      | Lost mutation: You have a pair of small horns on your head.
                  | [potion of mutation]
  5422 | D:5      | Gained mutation: You are agile. (Dex +4, Str/Int -1)
                  | [potion of mutation]
  5422 | D:5      | Gained mutation: Your system is resistant to poisons.
                  | (rPois) [potion of mutation]
  5422 | D:5      | Gained mutation: Your muscles are strong. (Str +4, Int/Dex
                  | -1) [potion of mutation]
  5423 | D:5      | Noticed Blork the orc
  5436 | D:4      | HP: 2/60 [Blork the orc/+4 flail of protection (8)]
  5437 | D:4      | Slain by Blork the orc

Illustrated notes

Levels and vault maps discovered:
D:1:      giann_horns, layout_basic, hangedman_decor_clover_reticule,
          chequers_serial_rivers_large_b
D:2:      layout_basic, minmay_heptomino_l4, uniq_crazy_yiuf_cottage,
          uniq_sigmund
D:3:      layout_basic, grunt_qazlal_clouds, amcnicky_altar_gilded,
          fountainhead, nicolae_titane
D:4:      layout_cave_pools, fedhas_altar_1, gup_ossuary_entry_pyramid,
          gammafunk_ghost_arena
D:5:      layout_cave_pools, serial_shops, nicolae_square_shop, uniq_grinder,
          uniq_blork_the_orc

Skill      XL: |  1  2  3  4  5  6  7  8 |
---------------+-------------------------+-----
Fighting       | 1 2 3 |  3.8
Transmutations | 2 3 |  3.0
Earth Magic    | 4 5 |  5.0
Maces & Flails | 1 3 |  3.0
Conjurations   | 1 3 |  3.0
Dodging        | 3 |  3.9
Stealth        | 3 4 |  4.1
Spellcasting   | |  2.0

Action                     |  1- 3 |  4- 6 |  7- 9 || total
---------------------------+-------+-------+-------++-------
  Melee: Unarmed           |     6 |       |       ||     6
         Short sword       |       |    17 |       ||    17
         Whip              |       |     3 |       ||     3
         Punch             |       |     1 |       ||     1
  Throw: Dart              |     5 |       |       ||     5
   Cast: Sandblast         |    33 |   106 |    72 ||   211
         Stone Arrow       |       |       |     6 ||     6
         Passwall          |       |       |     1 ||     1
    Use: Potion            |       |       |     6 ||     6
         Scroll            |       |       |     5 ||     5
   Stab: Sleeping          |       |     1 |       ||     1
 Armour: Robe              |     1 |    27 |    34 ||    62
  Dodge: Dodged            |    17 |    57 |    71 ||   145
  Block: Other             |       |    17 |    26 ||    43
         Buckler           |       |       |    16 ||    16

Table legend: (Time is in decaauts)
 A = Elapsed time spent in this place.
 B = Non-inter-level travel time spent in this place.
 C = Inter-level travel time spent in this place.
 D = Time resting spent in this place.
 E = Time spent auto-exploring this place.
 F = Levels seen in this place.
 G = Mean time per level.
                   A        B        C        D        E       F      G
               +--------+--------+--------+--------+--------+-----+--------+
         Total |   5555 |   5300 |    255 |    361 |   4023 |   6 |  925.8 |
       Dungeon |   4787 |   4532 |    255 |    361 |   3460 |   5 |  957.4 |
       Ossuary |    767 |    767 |      0 |      0 |    563 |   1 |  767.0 |
               +--------+--------+--------+--------+--------+-----+--------+

Top non-repeatable levels by time:
     D:2: 1567 daAuts
     D:4: 1072 daAuts
     D:3: 1045 daAuts
     D:1: 919 daAuts
 Ossuary: 767 daAuts
     D:5: 182 daAuts
